[Event "*** SCC Grand Prix: Titled Tuesday Blitz"]
[Site "Chess.com"]
[Date "2020.07.21"]
[Round "8"]
[White "PattyCastillo"]
[Black "Fore_Man"]
[Result "0-1"]
[WhiteElo "1933"]
[BlackElo "2320"]
[TimeControl "180+1"]
[EndTime "11:36:16 PDT"]
[Termination "Fore_Man won on time"]

1. d4 c5 2. e3 cxd4 3. exd4 Nf6 4. Nf3 d5 5. Bd3 Bg4 6. Nbd2 Nc6 7. c3 e6 8. O-O Bd6 9. Re1 O-O 10. Nf1 h6 11.
Ne3 Bh5 12. a4 a6 13. Nf1 Rb8 14. Ng3 Bxg3 15. hxg3 b5 16. Bf4 Rb7 17. axb5 axb5 18. Ra6 Rb6 19. Qa1 Bxf3 20. gxf3 Nd7 21. Qa2 Ndb8 22. Rxb6 Qxb6 23. Qb3 b4 24. Ra1 Rc8 25. Ra4 Rd8 26. Kg2 Rd7 27. Ra8 Qb7 28. Qa4 g5 29. Bxb8 Nxb8 30. Rxb8+ Qxb8 31. Qxd7 bxc3 32. bxc3 Qb2 33.
Qd8+ Kg7 34. Qc7 Qd2 35. Qe5+ Kf8 36. Bb5 Qxc3 37. Qh8+ Ke7 38. Qe8+ Kf6 39. Qd7 Qxd4 40. Qd8+ Kg7 41. Qd7 Qf6 42. Qe8 Qg6 43. Bd7 Qf6 44.
Qc8 Qe5 45. g4 Qf6 46. Qe8 Qf4 47. Qc8 d4 48. Qe8 d3 49. Bxe6 fxe6 0-1

[Event "*** SCC Grand Prix: Titled Tuesday Blitz"]
[Site "Chess.com"]
[Date "2020.07.21"]
[Round "8"]
[White "djano"]
[Black "PauloCesarCosta_sad"]
[Result "1-0"]
[WhiteElo "2457"]
[BlackElo "2216"]
[TimeControl "180+1"]
[EndTime "11:36:17 PDT"]
[Termination "djano won on time"]

1. Nf3 Nf6 2. d4 d5 3. Bf4 e6 4. e3 Bd6 5. Ne5 Ne4 6. Bd3 O-O 7. f3 Nf6 8. Bg5 c5 9. c3 Nbd7 10. f4 Qb6 11. b3 cxd4 12. Nxd7 Nxd7 13. cxd4 Qa5+ 14. Nd2 Qc3 15. Ke2 f6 16. Rc1 Qb4 17. Bh4 e5 18. dxe5 fxe5 19. a3 Qxa3 20. Qc2 e4 21.
Bb5 Qa5 22. Bxd7 Bxd7 23. Qb2 Bg4+ 24. Ke1 Ba3 25. Qa1 Rfc8 26. Rxc8+ Rxc8 27. b4 Qxb4 28. Qa2 Rc1+ 29. Kf2 Rxh1 30. Qxd5+ Kf8 31. Qd8+ Kf7 32. Qd5+ Be6 33. Qh5+ Kg8 34. Qe8+ Qf8 35. Qxe6+ Kh8 36. Qxe4 Bc5 37. Nf3 Ra1 38. Ng5 Ra2+ 39. Kf3 g6 40. Qe5+ Qg7 41. Qxc5 Ra6 42. Qc8+ Qg8 43. Qc3+ Qg7 44.
Nf7+ 1-0

[Event "*** SCC Grand Prix: Titled Tuesday Blitz"]
[Site "Chess.com"]
[Date "2020.07.21"]
[Round "8"]
[White "vova-79"]
[Black "markberk"]
[Result "1-0"]
[WhiteElo "2490"]
[BlackElo "2344"]
[TimeControl "180+1"]
[EndTime "11:36:17 PDT"]
[Termination "vova-79 won by resignation"]

1. d4 d5 2. c4 e6 3. Nc3 Bb4 4. e3 Nf6 5. a3 Bxc3+ 6. bxc3 O-O 7. Bd3 c5 8. Ne2 dxc4 9. Bxc4 Qc7 10. Bd3 Nbd7 11. O-O e5 12. e4 cxd4 13. cxd4 exd4 14. Nxd4 Ne5 15. Qc2 Qxc2 16. Bxc2 Bd7 17. f4 Nc6 18. Bb2 Nxd4 19. Bxd4 Rfc8 20. Rac1 Rc4 21. Bxf6 gxf6 22. Bb3 Rxc1 23. Rxc1 Rc8 24. Rxc8+ Bxc8 25. Kf2 Kf8 26. Ke3 Ke7 27. Kd4 Be6 28. Bc2 h6 29. g3 Kd6 30.
e5+ fxe5+ 31. fxe5+ Kc7 32. h4 Kb6 33. Bd1 Kb5 34. g4 a5 35. g5 hxg5 36. hxg5 Kc6 37. Bf3+ Kc7 38. Bd5 Bxd5 39. Kxd5 b5 40. e6 fxe6+ 41.
Kxe6 b4 42. axb4 axb4 43. g6 b3 44. g7 b2 45. g8=Q b1=Q 46. Qf7+ Kb6 47. Qf2+ Kb5 48. Qf5+ Kb4 49. Qxb1+ 1-0

[Event "*** SCC Grand Prix: Titled Tuesday Blitz"]
[Site "Chess.com"]
[Date "2020.07.21"]
[Round "8"]
[White "KuzubovYuriy"]
[Black "RaunakSadhwani2005"]
[Result "0-1"]
[WhiteElo "2834"]
[BlackElo "3005"]
[TimeControl "180+1"]
[EndTime "11:36:18 PDT"]
[Termination "RaunakSadhwani2005 won on time"]

1. d4 f5 2. Nc3 Nf6 3. Bg5 d5 4. e3 e6 5. Bd3 c5 6. Nf3 c4 7.
Be2 Be7 8. Ne5 Nc6 9. f4 O-O 10. O-O Qc7 11. Qe1 a6 12. Bf3 Nxe5 13. dxe5 Ne8 14.
Bxe7 Qxe7 15. Ne2 Nc7 16. Kh1 Kh8 17. g4 fxg4 18. Bxg4 Bd7 19. Rg1 d4 20. Nxd4 Nb5 21. Nf3 Bc6 22. Rg3 c3 23. bxc3 Rac8 24. Kg1 Nxc3 25.
Ng5 Ne4 26. Nxe6 Rfe8 27. Nd4 Bd7 28. Bxd7 Qxd7 29. Rg2 Rc3 30. Qe2 Qh3 31. Re1 Rf8 32.
Qg4 Qh6 33. Nf5 Qg6 34. Qxg6 hxg6 35. Ne7 Kh7 36. Nxg6 Rd8 37. Ne7 Rxe3 38. Rf1 Rf8 39.
Nd5 Ra3 40. c4 Nc5 41. f5 Rd3 42. f6 g6 43. Nf4 Re3 44. Nxg6 Rf7 45. Rf4 Re1+ 46.
Kf2 Nd3+ 47. Kf3 Rf1+ 0-1

[Event "*** SCC Grand Prix: Titled Tuesday Blitz"]
[Site "Chess.com"]
[Date "2020.07.21"]
[Round "8"]
[White "MF1966Idrisov"]
[Black "szachuspl"]
[Result "0-1"]
[WhiteElo "2364"]
[BlackElo "2559"]
[TimeControl "180+1"]
[EndTime "11:36:18 PDT"]
[Termination "szachuspl won on time"]

1. Nf3 Nf6 2. b3 g6 3. Bb2 Bg7 4. c4 O-O 5. g3 b6 6. Bg2 Bb7 7. O-O d6 8. d4 Nbd7 9. Nc3 e5 10. dxe5 dxe5 11. Qc2 Re8 12. Rfd1 h6 13. Nd5 Nxd5 14. cxd5 Rc8 15. e4 f6 16. Qe2 Bf8 17. Rac1 Kg7 18. a3 Bd6 19. b4 Ra8 20. Bc3 a6 21. Bd2 Qe7 22. Qe3 Rh8 23. Nh4 a5 24. Qf3 Kh7 25. Qg4 Rhg8 26. Bh3 Nf8 27. Qf3 axb4 28. axb4 Rg7 29. Qe3 h5 30. Qh6+ Kg8 31.
Be6+ Nxe6 32. dxe6 Qe8 33. f3 Bc8 34. f4 Bxe6 35. f5 gxf5 36. exf5 Bb3 37. Ng6 Bxd1 38. Rxd1 Rh7 39. Qe3 Ra2 40. Qe4 Qa8 41. Qc4+ Kg7 42.
Qe6 Rxd2 43. Rxd2 Qc6 44. Rc2 Qxc2 45. Qe8 Qxf5 46. Nh4 Qb1+ 47. Kg2 Qa2+ 48. Kh3 Qf7 49. Qc8 f5 50. Nxf5+ Kf6 51. Nh4 Qe6+ 0-1

[Event "*** SCC Grand Prix: Titled Tuesday Blitz"]
[Site "Chess.com"]
[Date "2020.07.21"]
[Round "8"]
[White "Micki-taryan"]
[Black "VerdeNotte"]
[Result "1-0"]
[WhiteElo "3049"]
[BlackElo "2847"]
[TimeControl "180+1"]
[EndTime "11:36:19 PDT"]
[Termination "Micki-taryan won on time"]

1. Nf3 g6 2. d4 Nf6 3. Nc3 d5 4. Bf4 Bg7 5. Nb5 Na6 6. e3 Ne4 7.
Bd3 c6 8. Nc3 Nxc3 9. bxc3 Qa5 10. Qd2 c5 11. O-O O-O 12. Rfb1 c4 13. Be2 Qa4 14. a3 b6 15. Ne5 Bf5 16. Rb2 f6 17. Nf3 Nb8 18. Rb4 Qxc2 19. Qxc2 Bxc2 20. Nd2 Nc6 21.
Rb5 e6 22. e4 Ba4 23. Rb2 Rad8 24. exd5 exd5 25. Nf1 g5 26. Be3 h6 27. h3 f5 28.
f4 Bf6 29. g3 Rfe8 30. Bf3 Kg7 31. Bf2 Re6 32. Ne3 Ne7 33. Rb4 b5 34. Rb2 a5 35.
Re1 Kf8 36. g4 gxf4 37. Ng2 Rxe1+ 38. Bxe1 fxg4 39. hxg4 Bg5 40. Nh4 Kf7 41. Bg2 Rb8 42.
Nf3 Bf6 43. Bd2 Nc6 44. Bxf4 b4 45. Bxb8 bxc3 46. Rb7+ Be7 47. Bf4 Ke6 48. Bh3 Kf7 49.
Kf2 Kg6 50. Rb6 1-0

[Event "*** SCC Grand Prix: Titled Tuesday Blitz"]
[Site "Chess.com"]
[Date "2020.07.21"]
[Round "8"]
[White "Makswolf200817"]
[Black "AnthonyWirig"]
[Result "0-1"]
[WhiteElo "2479"]
[BlackElo "2700"]
[TimeControl "180+1"]
[EndTime "11:36:19 PDT"]
[Termination "AnthonyWirig won by resignation"]

1. Nf3 c5 2. c4 g6 3. g3 Bg7 4. Bg2 Nc6 5. O-O d6 6. Nc3 Bf5 7.
d3 Qd7 8. Rb1 Bh3 9. a3 Bxg2 10.
Kxg2 Bxc3 11. bxc3 f5 12. h4 h6 13. Qb3 b6 14. Bf4 Nf6 15. Qb5 Kf7 16. Rfe1 e5 17. Bc1 e4 18. Nh2 Ne5 19. Qxd7+ Nexd7 20. Bf4 Ne5 21. Rbd1 exd3 22. exd3 Rae8 23. Nf3 Nfg4 24. Nxe5+ dxe5 25. Bc1 Re6 26. f3 Nf6 27. Re2 Kg7 28. d4 cxd4 29.
cxd4 e4 30. d5 exf3+ 31. Kxf3 Rxe2 32. Kxe2 Re8+ 33. Kf3 Ne4 34. Bb2+ Kf7 35. g4 fxg4+ 36. Kf4 g3 37. Re1 g5+ 38. hxg5 hxg5+ 39. Kg4 Nf2+ 40.
Kxg3 Rxe1 41. Kxf2 Rb1 42. Bd4 Rb3 43. c5 bxc5 44. Bxc5 a6 45. Bb4 Rd3 46. d6 Ke6 47. Ke2 Rd5 48. Kf3 a5 49. Bd2 Rxd2 0-1

[Event "*** SCC Grand Prix: Titled Tuesday Blitz"]
[Site "Chess.com"]
[Date "2020.07.21"]
[Round "8"]
[White "Shivagami"]
[Black "Joseacorrea"]
[Result "0-1"]
[WhiteElo "2202"]
[BlackElo "1999"]
[TimeControl "180+1"]
[EndTime "11:36:19 PDT"]
[Termination "Joseacorrea won on time"]

1. d4 e6 2. c4 f5 3. Nc3 Nf6 4. g3 d5 5. Bg2 c6 6. Nf3 Bd6 7. O-O O-O 8. b3 Nbd7 9. Bb2 Ne4 10. e3 Qf6 11. Ne2 g5 12. Nd2 Qh6 13. f4 g4 14.
cxd5 exd5 15. Nxe4 dxe4 16. d5 Nc5 17. Qd4 Nd3 18.
Bc3 Bc5 19. Qc4 Bxe3+ 20. Kh1 cxd5 21. Qxd5+ Be6 22. Qxb7 Rac8 23. Rad1 Rf7 24. Qb5 Nf2+ 25. Rxf2 Bxf2 26. Rd6 Rxc3 27. Qe8+ Rf8 28. Qxe6+ Qxe6 29. Rxe6 Rc2 30. Bf1 Rxa2 31. Kg2 Bc5 32. h3 gxh3+ 33. Kxh3 a5 34. Nc3 Bb4 35. Nd5 Ra1 36. Bc4 Kh8 37. Nc7 a4 38. bxa4 Rxa4 39. Rh6 Ra1 40. Kh2 Rc1 41.
Rc6 e3 42. Bd5 e2 43. Rxc1 e1=Q 44. Rxe1 Bxe1 45. Be6 Re8 46. Bd7 Re7 0-1

[Event "*** SCC Grand Prix: Titled Tuesday Blitz"]
[Site "Chess.com"]
[Date "2020.07.21"]
[Round "8"]
[White "Maksat-94"]
[Black "BeanScreen"]
[Result "1-0"]
[WhiteElo "2492"]
[BlackElo "2673"]
[TimeControl "180+1"]
[EndTime "11:36:21 PDT"]
[Termination "Maksat-94 won by resignation"]

1. e4 e5 2. Nf3 Nc6 3. Bc4 Nf6 4. d3 Be7 5. O-O O-O 6. Nc3 d6 7. h3 Na5 8. a4 Nxc4 9. dxc4 h6 10. Qd3 Nh7 11.
a5 Ng5 12. Nxg5 Bxg5 13. b3 Bxc1 14. Raxc1 Kh8 15. Rcd1 f5 16. c5 f4 17. cxd6 f3 18. d7 fxg2 19. Rfe1 Bxd7 20. Qxd7 Qh4 21. Re2 Rf3 22.
Rd3 Raf8 23. Qg4 Qf6 24. Rxf3 Qxf3 25. Qxf3 Rxf3 26. Re3 Rf6 27. Kxg2 Rg6+ 28. Kf1 Rd6 29. Ke2 Kg8 30. Rd3 Rg6 31. Rd8+ Kh7 32. Rd7 Rc6 33.
Kd3 Rf6 34. Rxc7 Rxf2 35. Rxb7 Rf3+ 36. Kd2 Rxh3 37. Rxa7 h5 38. a6 h4 39. Rf7 Rh2+ 40. Ne2 Rh1 41. a7 Ra1 42. Nc3 Ra6 43. b4 h3 44. Rf3 h2 45. Rh3+ Rh6 46. Rxh2 Rxh2+ 47. Ne2 1-0

[Event "*** SCC Grand Prix: Titled Tuesday Blitz"]
[Site "Chess.com"]
[Date "2020.07.21"]
[Round "8"]
[White "AldokhinIvan"]
[Black "chessdjw"]
[Result "0-1"]
[WhiteElo "2571"]
[BlackElo "2683"]
[TimeControl "180+1"]
[EndTime "11:36:22 PDT"]
[Termination "chessdjw won by resignation"]

1. e4 c5 2. Nf3 Nf6 3. e5 Nd5 4. Nc3 e6 5. Nxd5 exd5 6. d4 Nc6 7. dxc5 Bxc5 8. Bd3 d6 9. exd6 Qxd6 10. O-O O-O 11. h3 h6 12. c3 Re8 13. Re1 Bxh3 14. Be3 Bxe3 15. Rxe3 Rxe3 16. fxe3 Bg4 17. Qf1 Re8 18. Re1 Bxf3 19. Qxf3 Ne5 20. Qf1 Nxd3 21. Qxd3 Qg3 22. Re2 Re5 23. Qd4 b6 24. a4 Re4 25. Qxd5 Rxa4 26.
Qd8+ Kh7 27. Qd3+ Qg6 28. Qxg6+ Kxg6 29. Rd2 h5 30. Kf2 f6 31. Kf3 Kg5 32. Rd7 g6 33. Rd6 f5 34. Rc6 h4 35. b4 Ra2 36. Rc7 a5 37. b5 Rb2 38. c4 Rc2 39. Rc6 a4 40. Rxb6 Rxc4 41. Ra6 Rb4 42. b6 Rb3 43. b7 Rxb7 44.
Rxa4 Rb1 45. Rf4 Rf1+ 46. Ke2 Rxf4 47. exf4+ Kxf4 48. Kf2 Kg4 49. Kg1 Kg3 50. Kh1 h3 51. Kg1 g5 52. Kh1 hxg2+ 53. Kg1 Kh3 54. Kf2 Kh2 0-1

[Event "*** SCC Grand Prix: Titled Tuesday Blitz"]
[Site "Chess.com"]
[Date "2020.07.21"]
[Round "8"]
[White "MomchilPetkov"]
[Black "IANOV0007"]
[Result "1-0"]
[WhiteElo "2586"]
[BlackElo "2421"]
[TimeControl "180+1"]
[EndTime "11:36:24 PDT"]
[Termination "MomchilPetkov won on time"]

1. e4 d6 2. d4 Nf6 3. Nc3 c6 4. a4 Qa5 5. Bd3 e5 6. Nf3 Bg4 7.
dxe5 dxe5 8. h3 Bh5 9. O-O Nbd7 10. Bc4 Bb4 11. Bd2 O-O 12. Re1 Rad8 13. g4 Bg6 14.
Nh4 Nb6 15. Bd3 Rd4 16. Qf3 Nc4 17. Bxc4 Rxc4 18. Nf5 Bxf5 19. Qxf5 Rd8 20. Bg5 Be7 21.
Rad1 Rcd4 22. Rxd4 Rxd4 23. Be3 Rd8 24. f4 Qb4 25. fxe5 Ne8 26. Rf1 f6 27. Qe6+ Kh8 28. exf6 Nxf6 29. e5 Nd5 30. Nxd5 cxd5 31. c3 Qe4 32. Bd4 Bh4 33. Qf5 h6 34. Qxe4 dxe4 35. Rf4 e3 36. Re4 Bf2+ 37. Kf1 b6 38. Ke2 Kg8 39.
e6 Re8 40. Bxe3 Bxe3 41. Kxe3 g5 42. Kd4 Kg7 43. Ke5 Kg6 44. Rd4 Re7 45. Kd6 Re8 46. Kd7 Rg8 47. e7 Kf6 48. Rd1 1-0

[Event "*** SCC Grand Prix: Titled Tuesday Blitz"]
[Site "Chess.com"]
[Date "2020.07.21"]
[Round "8"]
[White "Sjakkerntobi"]
[Black "Denmark2015"]
[Result "1-0"]
[WhiteElo "2432"]
[BlackElo "2601"]
[TimeControl "180+1"]
[EndTime "11:36:28 PDT"]
[Termination "Sjakkerntobi won by resignation"]

1. e4 e6 2. d4 d5 3. Nd2 Ne7 4. Ngf3 g6 5. e5 c5 6. c3 Nbc6 7. Bd3 cxd4 8. cxd4 Qb6 9. O-O Nxd4 10.
Nxd4 Qxd4 11. Nf3 Qb6 12. Be3 Qd8 13. Qd2 Nc6 14. Bh6 Bxh6 15. Qxh6 Qe7 16. Rac1 a6 17. a3 Qf8 18. Qf4 Qg7 19. b4 O-O 20. b5 axb5 21. Bxb5 Bd7 22. h4 f6 23. exf6 Qxf6 24. Qd6 Rfd8 25. Rfe1 Rac8 26. Ng5 Qe7 27. Qxe7 Nxe7 28. Bxd7 Rxc1 29. Bxe6+ Kg7 30. Rxc1 Kf6 31. Bg4 h6 32. Nh3 d4 33. Bf3 b5 34. Nf4 d3 35. Rd1 d2 36.
Nd5+ Rxd5 37. Bxd5 Nxd5 38. Rxd2 Ke5 39. f3 Kd6 40.
Kf2 Kc5 41. g4 Nc3 42. Ke3 Kc4 43. Rd3 Nd5+ 44. Rxd5 Kxd5 45. Kd3 g5 46. hxg5 hxg5 47. Ke3 Ke5 48. f4+ gxf4+ 49. Kf3 Kd4 50. Kxf4 Kc3 51. g5 Kb3 52. g6 Kxa3 53. g7 b4 54. g8=Q b3 55. Qg1 b2 56. Qb1 1-0

[Event "*** SCC Grand Prix: Titled Tuesday Blitz"]
[Site "Chess.com"]
[Date "2020.07.21"]
[Round "8"]
[White "m-garcett"]
[Black "PawnEatingZombie"]
[Result "1-0"]
[WhiteElo "2058"]
[BlackElo "2205"]
[TimeControl "180+1"]
[EndTime "11:36:28 PDT"]
[Termination "m-garcett won on time"]

1. g4 e5 2. Bg2 Ne7 3. d3 Ng6 4. e3 Nh4 5. Bf1 d5 6. h3 Bd6 7. Nc3 c6 8. Bd2 O-O 9. e4 Be6 10. Nf3 Nd7 11. Qe2 Nxf3+ 12. Qxf3 d4 13. Ne2 c5 14.
Ng3 Re8 15. Nf5 Bf8 16. h4 b5 17. Rg1 c4 18. g5 Nc5 19. Bh3 Qd7 20. Nh6+ Kh8 21. Nxf7+ Qxf7 22. Bf5 Bxf5 23. exf5 e4 24. dxe4 Rxe4+ 25. Kf1 Rae8 26. g6 Qg8 27. gxh7 Qxh7 28. Re1 Rxe1+ 29. Bxe1 d3 30. Rg5 dxc2 31. Rh5 c1=Q 32.
Rxh7+ Kxh7 33. Qh5+ Kg8 34. Qxe8 Nd3 35. Qe6+ Kh8 36.
Qf7 Qxe1+ 37. Kg2 Qe4+ 38. Kf1 Qe7 39. Qh5+ Kg8 40. Qf3 Qf6 41. Qd5+ Kh8 42. Qf3 Bc5 43. Qh5+ Kg8 44. Qe8+ Qf8 45. Qe6+ Kh8 46. Qg6 Nxf2 47. Qh5+ Kg8 48. f6 Qxf6 49. Qxc5 Ng4+ 50. Kg2 Ne5 51. Qc8+ 1-0

[Event "*** SCC Grand Prix: Titled Tuesday Blitz"]
[Site "Chess.com"]
[Date "2020.07.21"]
[Round "8"]
[White "LisikValera"]
[Black "tk22h"]
[Result "1/2-1/2"]
[WhiteElo "2457"]
[BlackElo "2316"]
[TimeControl "180+1"]
[EndTime "11:36:29 PDT"]
[Termination "Game drawn - insufficient material"]

1. d4 Nf6 2. c4 g6 3. Nc3 d5 4. Nf3 Bg7 5. cxd5 Nxd5 6. e4 Nxc3 7. bxc3 c5 8. h3 O-O 9. Be2 Qc7 10. O-O b6 11.
Bg5 e6 12. Qd2 Re8 13. Rad1 Bb7 14. d5 exd5 15. exd5 Qd7 16. c4 Na6 17. Bd3 Nc7 18.
Qf4 Rf8 19. Bf6 Rae8 20. Rfe1 Rxe1+ 21. Rxe1 Re8 22. Rxe8+ Nxe8 23. Bxg7 Kxg7 24. Qe5+ f6 25. Qb8 Nd6 26. Qxa7 Qd8 27. Qa3 Qa8 28. Qxa8 Bxa8 29. Kf1 Bb7 30. Ke2 Ba6 31. Nd2 Kf7 32. Kd1 Ke7 33.
Kc2 Nf7 34. f4 Nd6 35. Kc3 Kd7 36.
Ne4 Nxe4+ 37. Bxe4 f5 38. Bd3 Kd6 39. Kb3 Bc8 40.
Bc2 Bd7 41. Ka3 b5 42. Bd3 b4+ 43. Kb3 Be8 44. a3 bxa3 45. Kxa3 Bd7 46. Bc2 Be8 47. Ba4 Bf7 48. Kb3 Bg8 49. Kc3 Bf7 50. Kd3 Bg8 51. Ke3 Bf7 52. g4 fxg4 53. hxg4 h5 54. gxh5 gxh5 55.
Kf3 Bg6 56. Bd1 Bf5 57. Be2 h4 58. Kg2 Kd7 59. Kh2 Ke7 60. Kg2 Kd6 61. Kf3 Ke7 62.
Bf1 Kd6 63. Ke3 Ke7 64. Bg2 Kd6 65. Be4 Bg4 66. Kf2 Bd7 67. Kg2 Bg4 68. Bd3 Bd7 69. f5 Ke5 70. Kh3 Kd4 71. Bf1 Bxf5+ 72. Kxh4 Ke5 73.
Kg5 Be4 74. Be2 Bxd5 75. cxd5 Kxd5 76. Kf4 c4 77. Bxc4+ 1/2-1/2

[Event "*** SCC Grand Prix: Titled Tuesday Blitz"]
[Site "Chess.com"]
[Date "2020.07.21"]
[Round "8"]
[White "Reader777"]
[Black "Zenzo"]
[Result "1/2-1/2"]
[WhiteElo "2659"]
[BlackElo "2558"]
[TimeControl "180+1"]
[EndTime "11:36:30 PDT"]
[Termination "Game drawn by repetition"]

1. d4 Nf6 2. c4 e6 3. g3 d5 4. Bg2 dxc4 5. Nf3 Be7 6. O-O O-O 7. Qc2 a6 8. a4 Nbd7 9. Nbd2 Rb8 10. Nxc4 b6 11. Nfe5 Bb7 12. Nc6 Bxc6 13. Bxc6 Nd5 14.
Bd2 b5 15. axb5 axb5 16. Na5 Nb4 17. Bxb4 Bxb4 18. Bxd7 Bxa5 19. Bxe6 Bb6 20. Bb3 Qxd4 21. Rad1 Qf6 22. e3 Rfd8 23. Kg2 g6 24. h4 Kg7 25.
h5 c5 26. Bd5 c4 27. b3 cxb3 28. Qxb3 Bc5 29. h6+ Kxh6 30. Bxf7 Kg7 31. Bd5 b4 32. Rc1 Be7 33. Rc6 Rd6 34. Rfc1 Rbd8 35. Rxd6 Rxd6 36.
Rc8 Rd8 37. Rxd8 Bxd8 38. Qxb4 Be7 39. Qb8 Qf8 40. Qe5+ Qf6 41. Qe4 Qd6 42. Bc4 Qf6 43. g4 h5 44. Bd3 hxg4 45. Qxg4 Qg5 46. Kf3 Qxg4+ 47. Kxg4 Kf6 48. e4 g5 49. Bc4 Ke5 50. Bd5 Bf6 51. Bc6 Be7 52. Bd5 Bf6 53. Kh5 Kf4 54. Kg6 Bd4 55. f3 Be5 56. Be6 Bb8 57. Bg4 Be5 58. Kf7 Bb8 59. Ke6 Be5 60. Kd5 Bb8 61. Kd4 Be5+ 62. Kd3 Bb8 63. Kc4 Be5 64. Kd5 Bb8 65. Ke6 Be5 66. Kd7 Bb8 67. Ke7 Be5 68.
Kd8 Bb2 69. Kd7 Be5 70. Kc6 Bb2 71. Kb5 Be5 72. Kc4 Bg7 73. Kd5 Be5 74. Ke6 Bh8 75.
Kf7 Be5 76. Kg6 Bc3 77. Kh5 Be5 78. Kh6 Bc3 79. Kg6 Be5 80. Kf7 Bc3 81. Ke6 Be5 1/2-1/2

[Event "*** SCC Grand Prix: Titled Tuesday Blitz"]
[Site "Chess.com"]
[Date "2020.07.21"]
[Round "8"]
[White "Andreikka"]
[Black "crackcubano"]
[Result "1-0"]
[WhiteElo "2892"]
[BlackElo "2645"]
[TimeControl "180+1"]
[EndTime "11:36:31 PDT"]
[Termination "Andreikka won by checkmate"]

1. e4 c5 2. Nf3 d6 3. Nc3 a6 4. d4 cxd4 5. Nxd4 Nf6 6. Bd3 g6 7. f3 Bg7 8. Be3 Nc6 9. Qd2 Bd7 10. O-O-O Rc8 11. Kb1 b5 12. h4 h5 13. Nxc6 Bxc6 14.
Ne2 Bd7 15. Bg5 Qb6 16. Nf4 Qb7 17. Rhe1 e5 18. Ne2 Be6 19. Nc3 b4 20. Na4 O-O 21. Qe3 d5 22. Qb6 Qa8 23. Nc5 Rc6 24. Qa5 dxe4 25.
Nxe4 Nd5 26. Nc5 Qc8 27. Nxe6 fxe6 28. Bxg6 Rc5 29. Qa4 Qb7 30. Ka1 Qb6 31. Be4 Rfc8 32. Qb3 a5 33. g4 a4 34. Qxa4 Ra5 35. Qb3 Rca8 36. Bxd5 exd5 37. Rxd5 Rxa2+ 38. Qxa2 Rxa2+ 39. Kxa2 b3+ 40. cxb3 e4 41. Rxe4 Qf2 42. Rd2 Qxf3 43. Re8+ Kh7 44. gxh5 Qc6 45. Re1 Qa6+ 46. Kb1 Qc8 47. Re4 Qf5 48. Re2 Bf8 49. h6 Kg6 50. Ka2 Qa5+ 51. Ra4 Qb5 52. Re6+ Kh5 53. h7 Bg7 54.
h8=Q+ Bxh8 55. Rh6# 1-0

[Event "*** SCC Grand Prix: Titled Tuesday Blitz"]
[Site "Chess.com"]
[Date "2020.07.21"]
[Round "8"]
[White "Morshynska"]
[Black "BJthechessgod"]
[Result "1-0"]
[WhiteElo "2176"]
[BlackElo "2288"]
[TimeControl "180+1"]
[EndTime "11:36:33 PDT"]
[Termination "Morshynska won by resignation"]

1. e4 c5 2. Nf3 d6 3. d4 cxd4 4. Nxd4 Nf6 5. Nc3 g6 6. Bc4 Bg7 7. h3 O-O 8. Bb3 Nc6 9. Be3 Bd7 10. O-O Rc8 11. Qd2 Nxd4 12. Bxd4 Bc6 13. Rad1 b5 14.
e5 dxe5 15. Bxe5 Qb6 16. Bd4 Qb7 17. f3 a5 18. a3 Rfd8 19. Qf2 b4 20. axb4 axb4 21.
Ne2 Bd5 22. Nc1 Bxb3 23. Nxb3 Nd5 24. Bxg7 Kxg7 25. Rd2 Qb6 26. Rfd1 Qxf2+ 27. Kxf2 e6 28. Nd4 Ra8 29. Ne2 Rdc8 30. h4 Ra2 31. Rb1 h5 32. Nc1 Ra5 33. Nd3 Kf6 34. g3 Ra2 35. Ke2 Nb6 36. Ne1 Nc4 37. Rd7 Rxb2 38. Rxb2 Nxb2 39. Rb7 Na4 40. Rxb4 Nc3+ 41. Kf2 Nd5 42. Rb7 Rc3 43. Ke2 e5 44. Kd2 Ra3 45. Nd3 Ra2 46. Rd7 Nb6 47. Rd6+ Ke7 48. Rxb6 f5 49. Nxe5 Ra3 50. Nxg6+ Kf7 51. Nf4 Rxf3 52. Nxh5 Rf2+ 53. Kc1 1-0

[Event "*** SCC Grand Prix: Titled Tuesday Blitz"]
[Site "Chess.com"]
[Date "2020.07.21"]
[Round "8"]
[White "jamalm2"]
[Black "FMOlexandrProhorov"]
[Result "1-0"]
[WhiteElo "1864"]
[BlackElo "2101"]
[TimeControl "180+1"]
[EndTime "11:36:34 PDT"]
[Termination "jamalm2 won by checkmate"]

1. c4 g6 2. Nc3 Bg7 3. d4 c5 4. Nf3 cxd4 5. Nxd4 Nc6 6. Nc2 Bxc3+ 7. bxc3 Qa5 8. Bd2 Nf6 9. Nd4 O-O 10. Qc2 d6 11. g3 Ne5 12. Qb3 Bd7 13. Bg2 Ba4 14. Qb4 Qxb4 15. cxb4 Nxc4 16. Bxb7 Rab8 17. Bc6 Bxc6 18.
Nxc6 Rb6 19. Nxe7+ Kg7 20. Bc3 Ne5 21. f4 Ned7 22. Nd5 Rb5 23. Nxf6 Nxf6 24. Rd1 Re8 25. Rxd6 Re6 26. Rxe6 fxe6 27. O-O Kf7 28. Rd1 Nd5 29. Be1 Kf6 30. e4 Ne3 31. Bc3+ Ke7 32. Rd4 Nc2 33.
Rc4 Rb7 34. a4 Ne3 35. Rc5 Nd1 36. Bd2 Nb2 37. a5 Nd3 38. Rc4 Nb2 39. Rc2 Nd3 40. Bc3 a6 41. Rd2 Nc1 42. Be5 Rxb4 43. Bd6+ Kf7 44. Bxb4 Nb3 45. Rd7+ Kf6 46. Bc3+ e5 47. Bxe5+ Ke6 48. Rd6+ Ke7 49. Rxa6 Nc5 50. Ra7+ Ke6 51. Rc7 Nxe4 52. a6 Nd2 53. a7 Nf3+ 54. Kf2 Nxe5 55. fxe5 Kf5 56. a8=Q Kg4 57. Qf3+ Kh3 58. Rxh7# 1-0

[Event "*** SCC Grand Prix: Titled Tuesday Blitz"]
[Site "Chess.com"]
[Date "2020.07.21"]
[Round "8"]
[White "capatl"]
[Black "viktorskliarov"]
[Result "1/2-1/2"]
[WhiteElo "2419"]
[BlackElo "2575"]
[TimeControl "180+1"]
[EndTime "11:36:35 PDT"]
[Termination "Game drawn - insufficient material"]

1. c4 e5 2. Nc3 Bb4 3. g3 Bxc3 4. bxc3 d6 5. Bg2 Nf6 6. e4 O-O 7. Ne2 Be6 8. d3 a6 9. Rb1 b5 10. cxb5 axb5 11. Rxb5 Rxa2 12. O-O Qd7 13. Rb2 Ra1 14. Qc2 Bh3 15. Rb1 Rxb1 16. Qxb1 Bxg2 17. Kxg2 d5 18. Bg5 dxe4 19. dxe4 Qc6 20. Bxf6 Qxf6 21. Qb7 Qc6 22. Rb1 h5 23. Qxc6 Nxc6 24. Rb5 Ra8 25. Rc5 Ra6 26. Nc1 f6 27. Nb3 Kf7 28. Nd2 Ke6 29.
Nc4 Kd7 30. Ne3 Ra2 31. Nf5 g5 32. Ng7 h4 33. gxh4 gxh4 34. Nh5 Kd6 35. Rd5+ Ke6 36. Ng7+ Ke7 37. Nf5+ Ke6 38. Rc5 Ne7 39. Nxh4 Kd6 40.
Rc4 c5 41. Nf5+ Nxf5 42. exf5 Kd5 43. Rg4 Rc2 44. Rg3 e4 45. h4 Ke5 46. h5 Ra2 47. h6 Ra8 48. h7 Rh8 49. Rg7 Kxf5 50. Kg3 c4 51. Rc7 Kg5 52. Rc5+ f5 53. Rc7 f4+ 54. Kh3 e3 55. Rc5+ Kg6 56. fxe3 fxe3 57. Rxc4 Rxh7+ 58. Kg2 Re7 59. Kf1 Kf5 60. Ke2 Re4 61. Rxe4 Kxe4 62. c4 Kd4 63. c5 Kxc5 64. Kxe3 1/2-1/2

[Event "*** SCC Grand Prix: Titled Tuesday Blitz"]
[Site "Chess.com"]
[Date "2020.07.21"]
[Round "8"]
[White "Walter_White_Poland"]
[Black "DonBroca"]
[Result "1/2-1/2"]
[WhiteElo "2227"]
[BlackElo "2085"]
[TimeControl "180+1"]
[EndTime "11:36:38 PDT"]
[Termination "Game drawn by repetition"]

1. e4 c5 2. Nf3 d6 3. d4 cxd4 4. Nxd4 Nf6 5. Nc3 g6 6. Be3 Bg7 7. f3 O-O 8. Qd2 Nc6 9. O-O-O Bd7 10. h4 h5 11. Kb1 Rc8 12. g4 hxg4 13. h5 gxh5 14. Bh6 Ne5 15. Bxg7 Kxg7 16. Qg5+ Ng6 17. Nf5+ Bxf5 18. exf5 Rxc3 19. bxc3 Qb6+ 20. Ka1 Qa5 21.
Qd2 Ne5 22. fxg4 Nexg4 23. Bd3 Rc8 24. Qg5+ Kf8 25. Qd2 Qxc3+ 26. Qxc3 Rxc3 27. Rb1 b6 28. Rb3 Rc5 29. Kb2 Ke8 30. Rc3 Kd7 31. Rxc5 bxc5 32.
Be2 d5 33. Kc3 Kd6 34. Bxg4 hxg4 35. Kd3 e5 36. fxe6 fxe6 37. Rb1 Ke5 38. Rb7 g3 39. Rxa7 Nh5 40. Ke2 Kf4 41. Kf1 Ke3 42. Rf7 e5 43.
Kg2 Nf4+ 44. Kxg3 Kd2 45. a4 Kxc2 46. a5 d4 47. a6 d3 48. a7 d2 49. Rd7 Nd3 50.
a8=Q d1=Q 51. Qa4+ Kd2 52. Qxd1+ Kxd1 53. Rxd3+ Kc2 54.
Rd5 c4 55. Kf2 c3 56. Ke2 e4 57. Rb5 Kc1 58. Ke3 c2 59. Ke2 e3 60. Kxe3 Kd1 61. Rd5+ Ke1 62. Rc5 Kd1 63. Rd5+ Ke1 64. Rc5 Kd1 65. Rd5+ 1/2-1/2

[Event "*** SCC Grand Prix: Titled Tuesday Blitz"]
[Site "Chess.com"]
[Date "2020.07.21"]
[Round "8"]
[White "bugsbunny444"]
[Black "Iljushin_Alexey"]
[Result "1-0"]
[WhiteElo "2596"]
[BlackElo "2689"]
[TimeControl "180+1"]
[EndTime "11:36:40 PDT"]
[Termination "bugsbunny444 won by resignation"]

1. Nf3 d5 2. c4 d4 3. b4 g5 4. Qb3 Bg7 5. Nxg5 e5 6. d3 a5 7. b5 Nd7 8. g3 Qe7 9. Bg2 Qb4+ 10. Bd2 Qxb3 11. axb3 Nc5 12. b4 Nb3 13. Ra3 a4 14.
O-O Bf8 15. c5 h6 16. Nf3 Bg7 17. Bc1 Bd7 18. Nfd2 Nxc1 19. Rxc1 Bxb5 20. Bxb7 Ra7 21. Bg2 Ne7 22. Nc4 Nc6 23. Nbd2 O-O 24. Rb1 Rb8 25. h4 Ne7 26. Na5 Rd8 27. Ndc4 Nd5 28. Bxd5 Rxd5 29.
Ra2 e4 30. dxe4 Rd8 31. Kg2 d3 32. exd3 Rxd3 33. Na3 Be8 34. c6 Rd4 35. Nb5 Rxa5 36.
bxa5 Rxe4 37. a6 Bxc6 38. f3 Rc4 39. Nxc7 Kh7 40. a7 Rc3 41. a8=Q Bxa8 42. Nxa8 a3 43. Nb6 Bf8 44. Nd5 Rd3 45. Nf4 Rc3 46. Ne2 Rc4 47. Rc1 Ra4 48. Rc3 Ra6 49. Rb3 h5 50. Nc3 Rc6 51. Nb1 Rb6 52. Rxb6 Bg7 53. Rb3 Bf8 54. Nxa3 1-0